Map: Lerilak Crest

Players

True

  • Race: Zerg Zerg
  • League: Grandmaster

ROCCATHyuN (HyuN) - Winner!

  • Race: Zerg Zerg

Event: True vs Hyun (Matcherino)

VOD

https://www.youtube.com/watch?v=QPLWr23vZBw

Description

Time

  • Played on: Nov. 23, 2015, 10:26 a.m.
  • Length: 4:21

All games in this series

Show
View Real Time Build Order
Export as new Build Order

True Zerg 

Build Orders: 3 Hatch before Pool 

Get SALT Encoding   

  12  0:00  Drone  
  13  0:12  Overlord  
  13  0:16  Drone  
  14  0:31  Drone x2  
  14  0:35  Drone  
  17  0:52  Hatchery  
  17  0:54  Drone  
  17  0:57  Drone  
  18  1:19  Hatchery  
  18  1:23  Drone x2  
  19  1:37  Spawning Pool  
  19  1:39  Drone  
  19  1:42  Extractor  
  19  1:45  Drone  
  19  1:52  Drone  
  20  2:05  Drone x2  
  22  2:11  Drone  
  23  2:16  Drone  
  24  2:23  Queen  
  24  2:24  Queen  
  24  2:26  Overlord  
  28  2:31  Zergling x2, Extractor  
  28  2:35  Drone  
  30  2:40  Drone x2  
  30  2:41  Metabolic Boost  
  32  2:46  Zergling x2  
  32  2:47  Zergling x2  
  34  2:54  Zergling x2  
  34  2:56  Zergling x4  
  34  2:59  Zergling x2  
  34  3:03  Zergling x2  
  34  3:05  Zergling x2  
  25  3:20  Zergling x2  
  19  3:29  Zergling x2  
  15  3:39  Zergling x2  
  16  3:45  Zergling x2  
  17  3:52  Zergling x2  
  13  3:59  Zergling x2  
Show
View Real Time Build Order
Export as new Build Order

ROCCATHyuN Zerg - Winner!

Build Orders: Pool First, Zergling Baneling 

Get SALT Encoding   

  12  0:00  Drone  
  13  0:12  Overlord  
  13  0:17  Drone  
  14  0:21  Extractor  
  14  0:23  Drone  
  14  0:40  Spawning Pool  
  13  0:43  Drone  
  13  0:48  Drone  
  15  0:53  Drone  
  16  0:57  Drone  
  17  1:23  Overlord  
  17  1:26  Metabolic Boost, Queen  
  17  1:29  Zergling x2  
  20  1:33  Zergling x2  
  21  1:45  Zergling x2  
  22  1:47  Baneling Nest  
  22  1:50  Zergling x2  
  22  2:03  Zergling x2  
  23  2:12  Zergling x2  
  24  2:24  Zergling x2  
  25  2:33  Baneling x4  
  25  2:34  Zergling x8  
  29  2:45  Overlord  
  29  3:05  Zergling x2  
  29  3:06  Zergling x4  
  30  3:19  Zergling x4  
  31  3:20  Zergling x2  
  29  3:33  Zergling x2  
  28  3:37  Hatchery, Baneling  
  28  3:38  Baneling  
  26  3:46  Baneling x2  
  22  3:55  Zergling x2  
  22  3:56  Zergling x6  

Tags
 
Add a new tag
Caveats
  • Supply blocks, unpowered buildings, or Contaminate may cause inaccurate times.
  • Supply counts are checked every 10 seconds.